 Dungeon Crawl Stone Soup version 0.30-a0-1112-gfb780f5df6 (webtiles) character file.

Game seed: 4322788308040864887

1738 jasper the Magician (level 8, -5/49 (57) HPs)
             Began as a Demonspawn Earth Elementalist on Apr 19, 2023.
             Killed by nerve-wracking pain
             ... invoked by an orc priest
              (12 damage)
             ... on level 7 of the Dungeon.
             The game lasted 00:11:53 (5363 turns).

jasper the Magician (Demonspawn Earth Elementalist) Turns: 5363, Time: 00:11:54

HP:   -5/49 (57)    AC:  5    Str: 10    XL:     8   Next: 77%
MP:   2/18          EV: 13    Int: 20    God:
Gold: 139           SH:  0    Dex: 13    Spells: 10/20 levels left

rFire   . . .      SeeInvis +    f - +4 dagger
rCold   . . .      Faith    .    (no shield)
rNeg    . . .      Spirit   .    a - +0 robe
rPois   +          Reflect  .    k - +1 helmet
rElec   .          Rampage  .    m - +0 cloak
rCorr   .                        (no gloves)
Will    .....                    (no boots)
Stlth   ++                       (no amulet)
HPRegen 0.28/turn                e - ring of see invisible
MPRegen 0.16/turn                c - ring of poison resistance

@: heavily drained
A: ignite blood 2, big brain 1, weakness stinger 2
a: no special abilities


You were on level 7 of the Dungeon.
You visited 1 branch of the dungeon, and saw 7 of its levels.
You also visited: Ossuary.

You collected 254 gold pieces.
You spent 115 gold pieces at shops.

Inventory:

Hand Weapons
 f - a +4 dagger (weapon)
Missiles
 h - 81 stones
Armour
 a - a +0 robe (worn)
 k - a +1 helmet (worn)
 m - a +0 cloak (worn)
Jewellery
 c - a ring of poison resistance (right hand)
 e - a ring of see invisible (left hand)
 g - a +6 ring of strength
Scrolls
 b - 2 scrolls of teleportation
 d - a scroll of poison
 i - 2 scrolls of fog
 l - a scroll of amnesia
 p - a scroll of immolation
 r - 2 scrolls of enchant armour
 y - a scroll of enchant weapon
Potions
 j - a potion of might
 n - 4 potions of heal wounds
 o - 4 potions of brilliance
 q - a potion of attraction
 s - a potion of mutation
 t - a potion of ambrosia {unknown}
 u - 2 potions of lignification {unknown}
 w - a potion of flight {unknown}


   Skills:
 + Level 2.9 Fighting
 + Level 3.3 Dodging
 - Level 1.7 Stealth
 * Level 6.6 Spellcasting
 - Level 4.3 Conjurations
 - Level 2.0 Necromancy
 - Level 2.0 Translocations
 - Level 0.8 Transmutations
 - Level 5.4 Earth Magic


You had 10 spell levels left.
You knew the following spells:

 Your Spells              Type           Power      Damage    Failure   Level
a - Sandblast             Erth           56%        2d13      1%          1
b - Passwall              Tmut/Erth      15%        N/A       4%          2
c - Stone Arrow           Conj/Erth      52%        3d10      4%          3
d - Blink                 Tloc           28%        N/A       7%          2
e - Cigotuvi's Dreadful   Necr/Pois/Air  18%        N/A       12%         2

Your spell library contained the following spells:

 Spells                   Type           Power      Damage    Failure   Level
 Freeze                   Ice            24%        1d4       10%         1
 Hailstorm                Conj/Ice       15%        3d5       12%         3
 Gell's Gravitas          Tloc           14%        N/A       13%         3
 Teleport Other           Tloc           14%        N/A       13%         3
 Portal Projectile        Hex/Tloc       20%        N/A       21%         3
 Ignite Poison            Fire/Tmut/Pois 7%         N/A       26%         3
 Petrify                  Tmut/Erth      19%        N/A       26%         4
 Call Canine Familiar     Summ           6%         N/A       30%         3
 Frozen Ramparts          Ice            12%        1d2       30%         3
 Leda's Liquefaction      Hex/Erth       8%         N/A       32%         4
 Manifold Assault         Tloc           14%        N/A       41%         4
 Freezing Cloud           Conj/Ice/Air   6%         6-21      83%         5
 Dispersal                Tloc           7%         N/A       100%        6
 Storm Form               Tmut/Air       4%         N/A       100%        7


Dungeon Overview and Level Annotations

Branches:
Dungeon (7/15)            Ossuary (visited)
 Temple: D:4-7

Altars:
Gozag
Xom

Shops:
D:2 :   D:3 [

Annotations:
D:2 Terence
D:5 Edmund


Innate Abilities, Weirdness & Mutations

Your demonic aura often causes spilled blood to erupt in flames.
You have an unusually large brain. (Int +2)
You have a tail ending in a sharp stinger.


Message History

The orc priest hits you but does no damage.
The orc hits you with a +0 club.
You take 4 damage, and have 31/49 hp.
You now have 3/18 mp.
Aiming: Sandblast (safe; 1% risk of failure)
Press: ? - help, Q - select action, (/) - cycle Shift-Dir - straight line, f/p - orc priest
Aim: an orc priest, wielding a +0 whip (lightly wounded, 83% to hit)
The blast of sand hits the orc priest.
The orc priest is heavily wounded.
The orc priest hits you but does no damage.
The centaur unwields a +0 shortbow.
The centaur misses you. x2
The orc hits you with a +0 club.
An iguana comes into view.
You take 2 damage, and have 29/49 hp.
Aiming: Sandblast (safe; 1% risk of failure)
Press: ? - help, Q - select action, (/) - cycle Shift-Dir - straight line, f/p - orc priest
Aim: an orc priest, wielding a +0 whip (heavily wounded, 83% to hit)
The blast of sand misses the orc priest.
The centaur misses you.
The centaur kicks you but does no damage.
The orc priest hits you but does no damage.
The orc misses you. The centaur barely misses you.
The centaur closely misses you.
The orc priest invokes the aid of Beogh against you.
Beogh smites you! The orc hits you with a +0 club.
* * * LOW HITPOINT WARNING * * *
You take 15 damage, and have 14/49 hp.
MASSIVE DAMAGE!!
You now have 2/18 mp.
The centaur wields a +0 shortbow.
The centaur shoots an arrow.
The arrow hits you!
* * * LOW HITPOINT WARNING * * *
You take 7 damage, and have 7/49 hp.
The centaur attacks as you move away!
The centaur unwields a +0 shortbow.
The centaur hits you but does no damage.
The centaur kicks you but does no damage.
The orc attacks as you move away! The orc misses you.
The centaur wields a +0 shortbow.
The centaur shoots an arrow.
The arrow barely misses you.
The centaur shoots an arrow.
The arrow closely misses you.
The orc priest calls down the wrath of Beogh upon you.
Pain shoots through your body!
You die...

# #..# #####..######
#......##...#
#####.......########
....................#
#.####......#########
. #. #..##..#
#.###.#####.##..#
........i.@.....#
#.....o.#######
#......o# #....c).#
....l.#)### .####.#..
. ♣♣.~ . .♣♣ .♣


You could see a spriggan hatter, a centaur, an iguana, an orc priest and an orc.

Vanquished Creatures
  Prince Ribbit (D:5)
  Menkaure (D:5)
  A centaur (D:6)
  4 elf zombies
  A bullfrog (D:7)
  A scorpion (D:5)
  5 wights (D:6)
  2 howler monkeys
  2 centaur zombies (Ossuary)
  A jelly (D:5)
  2 hounds (D:6)
  2 orc priests (D:6)
  2 human skeletons (D:6)
  A sleepcap (D:5)
  2 iguanas
  3 ogre zombies (Ossuary)
  7 mummies (Ossuary)
  7 adders
  2 white imps
  An adder zombie (Ossuary)
  8 orcs
  9 endoplasms
  5 giant cockroaches
  4 goblins
  5 hobgoblins
  4 quokkas
  7 ball pythons
  2 bats
  A gnoll zombie (Ossuary)
  5 goblin zombies (Ossuary)
  5 hobgoblin zombies (Ossuary)
  A kobold (D:4)
  2 kobold zombies (Ossuary)
  An orc skeleton (D:6)
  2 orc zombies (Ossuary)
  6 quokka zombies (Ossuary)
  2 rats (D:1)
  2 rat zombies (Ossuary)
119 creatures vanquished.

Vanquished Creatures (others)
  5 plants (D:7)
5 creatures vanquished.

Grand Total: 124 creatures vanquished

Notes
Turn   | Place    | Note
-------+----------+-------------------------------------------
     0 | D:1      | jasper the Demonspawn Earth Elementalist began the quest
                  | for the Orb.
     0 | D:1      | Reached XP level 1. HP: 13/13 MP: 3/3
   227 | D:1      | Gained mutation: You have an unusually large brain. (Int
                  | +2) [demonic ancestry]
   227 | D:1      | Reached XP level 2. HP: 19/19 MP: 3/5
   230 | D:1      | Learned a level 2 spell: Passwall
  1238 | D:2      | Found Ciuluav's Book Emporium.
  1317 | D:2      | Noticed Terence
  1343 | D:3      | Gained mutation: Your demonic aura sometimes causes spilled
                  | blood to erupt in flames. [demonic ancestry]
  1343 | D:3      | Reached XP level 3. HP: 11/24 MP: 4/7
  1613 | D:3      | Reached skill level 3 in Spellcasting
  1621 | D:3      | Found Xiuss's Armour Shop.
  1633 | D:3      | You fall into a shaft and drop 2 floors!
  1633 | D:5      | Entered Level 5 of the Dungeon
  1672 | D:4      | Learned a level 3 spell: Stone Arrow
  1685 | D:3      | Bought a +1 helmet for 115 gold pieces
  1797 | D:4      | Learned a level 2 spell: Blink
  1804 | D:4      | Found an opulent altar of Gozag.
  1817 | D:4      | Gained mutation: Your demonic aura often causes spilled
                  | blood to erupt in flames. [demonic ancestry]
  1817 | D:4      | Reached XP level 4. HP: 30/30 MP: 6/8
  1943 | D:4      | Reached skill level 1 in Conjurations
  2369 | D:4      | Gained mutation: You have a small tail. [demonic ancestry]
  2369 | D:4      | Reached XP level 5. HP: 35/35 MP: 5/10
  2583 | D:5      | Found a shimmering altar of Xom.
  2589 | D:5      | Found a shimmering altar of Xom.
  2591 | D:5      | Found a shimmering altar of Xom.
  2592 | D:5      | Found a shimmering altar of Xom.
  2593 | D:5      | Found a shimmering altar of Xom.
  2593 | D:5      | Found a shimmering altar of Xom.
  2595 | D:5      | Found a shimmering altar of Xom.
  2742 | D:5      | Reached skill level 4 in Spellcasting
  2742 | D:5      | Gained mutation: You have a tail ending in a sharp stinger.
                  | [demonic ancestry]
  2742 | D:5      | Reached XP level 6. HP: 34/41 MP: 3/12
  3068 | D:5      | Noticed Prince Ribbit
  3073 | D:5      | Killed Prince Ribbit
  3340 | D:5      | Noticed Menkaure
  3344 | D:5      | Killed Menkaure
  3345 | D:5      | Reached skill level 5 in Earth Magic
  3345 | D:5      | Reached XP level 7. HP: 26/46 MP: 9/14
  3475 | D:5      | Noticed Edmund
  3604 | D:6      | Reached skill level 5 in Spellcasting
  3629 | D:6      | Learned a level 2 spell: Cigotuvi's Dreadful Rot
  3655 | D:6      | Reached skill level 1 in Necromancy
  3655 | D:6      | Reached skill level 1 in Translocations
  3743 | D:6      | Found a sand-covered staircase.
  3752 | Ossuary  | Entered an ossuary
  3959 | Ossuary  | Reached XP level 8. HP: 52/52 MP: 13/15
  4270 | Ossuary  | Reached skill level 1 in Fighting
  4802 | D:6      | Reached skill level 6 in Spellcasting
  5363 | D:7      | Killed from afar by an orc priest

Illustrated notes

Levels and vault maps discovered:
D:1:      dpeg_arrival_rooms_with_view, layout_basic
D:2:      layout_loops_cross, serial_shops, nicolae_shop_pleasant_corner_grove,
          minmay_statues_item, uniq_terence
D:3:      layout_rooms, nicolae_dithmenos_the_darkroom, serial_shops, shop
D:4:      layout_rooms, grunt_gozag_breadcrumbs, minmay_quantized
D:5:      layout_loops_corners, nicolae_xom_altar_mimics, elyvilon_altar_5,
          hangedman_decor_diamond_cutter, chequers_serial_rivers_micro_a,
          uniq_edmund, uniq_menkaure, uniq_prince_ribbit1
D:6:      layout_basic, nicolae_ossuary_entry_catacombs,
          nicolae_concentric_dashed_squares_mild, kennysheep_minor_cross,
          serial_park_tiny_1, amcnicky_mini_pool_medium
D:7:      lemuel_castle_with_subvaults [lemuel_castle_interior_carwin_1],
          layout_basic, lemuel_temple_firewalk_b, serial_bayou,
          serial_bayou_shore_b, serial_bayou_lagoon_b, serial_bayou_crossing,
          kennysheep_nub, st_stairs_14, the_hattery

Skill      XL: |  1  2  3  4  5  6  7  8 |
---------------+-------------------------+-----
Earth Magic    | 3 4 5 |  5.4
Spellcasting   | 3 4 5 6 |  6.6
Conjurations   | 1 2 3 4 |  4.3
Necromancy     | 2 |  2.0
Translocations | 1 2 |  2.0
Dodging        | 3 |  3.3
Fighting       | 2 |  2.9
Stealth        | |  1.7
Transmutations | |  0.8

Action                     |  1- 3 |  4- 6 |  7- 9 || total
---------------------------+-------+-------+-------++-------
  Melee: Dagger            |     1 |       |     3 ||     4
         Tailslap          |       |       |     1 ||     1
   Cast: Sandblast         |    53 |    41 |   173 ||   267
         Passwall          |     1 |       |       ||     1
         Cigotuvi's Dreadf |       |       |     2 ||     2
         Blink             |       |       |     1 ||     1
    Use: Scroll            |     6 |     3 |     6 ||    15
         Potion            |     3 |       |       ||     3
   Stab: Sleeping          |       |       |     2 ||     2
 Armour: Robe              |     2 |     6 |    27 ||    35
  Dodge: Dodged            |    10 |    12 |    67 ||    89

Table legend: (Time is in decaauts)
 A = Elapsed time spent in this place.
 B = Non-inter-level travel time spent in this place.
 C = Inter-level travel time spent in this place.
 D = Time resting spent in this place.
 E = Time spent auto-exploring this place.
 F = Levels seen in this place.
 G = Mean time per level.
                   A        B        C        D        E       F      G
               +--------+--------+--------+--------+--------+-----+--------+
         Total |   5494 |   5467 |     27 |    279 |   4272 |   8 |  686.8 |
       Dungeon |   4541 |   4514 |     27 |    272 |   3502 |   7 |  648.7 |
       Ossuary |    952 |    952 |      0 |      7 |    770 |   1 |  952.0 |
               +--------+--------+--------+--------+--------+-----+--------+

Top non-repeatable levels by time:
     D:5: 1002 daAuts
 Ossuary: 952 daAuts
     D:4: 870 daAuts
     D:6: 818 daAuts
     D:1: 780 daAuts
     D:2: 573 daAuts
     D:3: 316 daAuts
     D:7: 181 daAuts
